 Dungeon Crawl Stone Soup version 0.28-b1-1-g3c77fb2ed1 (webtiles) character file.

Game seed: 2293367607859357620

1106 Renzlar the Chopper (level 8, 67/67 HPs)
             Began as a Gnoll Cinder Acolyte on Jan 28, 2022.
             Was an Elder of Ignis.
             Quit the game on level 5 of the Dungeon on Jan 29, 2022.
             The game lasted 00:27:44 (6030 turns).

Renzlar the Chopper (Gnoll Cinder Acolyte)          Turns: 6030, Time: 00:27:45

Health: 67/67      AC:  8    Str: 13    XL:     8   Next: 33%
Magic:  14/14      EV: 11    Int: 16    God:    Ignis [****..]
Gold:   222        SH:  5    Dex:  8    Spells: 13/15 levels left

rFire   + . .      SeeInvis .   c - +0 hunting sling (freeze)
rCold   . . .      Faith    .   (no shield)
rNeg    . . .      Spirit   .   u - +1 ring mail {Will+}
rPois   .          Reflect  +   n - +0 helmet
rElec   .          Harm     .   p - +0 cloak
rCorr   .          Rampage  .   (no gloves)
Will    +....                   (no boots)
Stlth   +.........              s - amulet of reflection
HPRegen 0.21/turn               (no ring)
MPRegen 0.14/turn               (no ring)

@: no status effects
A: fangs 1, strong nose, distributed training
a: Renounce Religion, Fiery Armour, Foxfire Swarm, Rising Flame


You were on level 5 of the Dungeon.
You worshipped Ignis.
Ignis was greatly pleased with you.
You visited 1 branch of the dungeon, and saw 5 of its levels.

You collected 222 gold pieces.

Inventory:

Hand Weapons
 a - a -1 hand axe of flaming
 c - a +0 hunting sling of freezing (weapon)
 e - a +5 rapier of draining
 i - a +0 short sword of venom
Missiles
 d - 53 stones (quivered ammo)
 g - 25 sling bullets
 k - 13 bolts
 t - 8 poisoned darts
 v - a throwing net
Armour
 f - a scarf of invisibility
 n - a +0 helmet (worn)
 p - a +0 cloak (worn)
 q - a +0 chain mail
 u - a +1 ring mail of willpower (worn)
Jewellery
 j - a ring of ice
 s - an amulet of reflection (around neck)
Wands
 l - a wand of iceblast (1)
 r - a wand of acid (8)
 w - a wand of charming (10)
Scrolls
 o - 6 scrolls of teleportation
Potions
 b - 4 potions of curing
 h - a potion of berserk rage
 m - a potion of haste {unknown}
 x - a potion of heal wounds {unknown}


   Skills:
 + Level 7.3 Fighting
 + Level 3.1 Short Blades
 + Level 3.1 Long Blades
 + Level 7.3 Axes
 + Level 3.1 Maces & Flails
 + Level 3.1 Polearms
 + Level 3.1 Staves
 + Level 3.1 Slings
 + Level 3.1 Bows
 + Level 3.1 Crossbows
 + Level 3.1 Throwing
 + Level 3.1 Armour
 + Level 3.1 Dodging
 + Level 3.1 Stealth
 + Level 3.1 Shields
 + Level 3.1 Unarmed Combat
 + Level 4.3 Spellcasting
 + Level 2.5 Conjurations
 + Level 2.5 Hexes
 + Level 2.5 Summonings
 + Level 2.5 Necromancy
 + Level 2.5 Translocations
 + Level 2.5 Transmutations
 + Level 6.1 Fire Magic
 + Level 2.5 Ice Magic
 + Level 2.5 Air Magic
 + Level 2.5 Earth Magic
 + Level 2.5 Poison Magic
 + Level 3.5 Invocations
 + Level 3.1 Evocations


You had 13 spell levels left.
You knew the following spells:

 Your Spells              Type           Power      Damage    Failure   Level
a - Scorch                Fire           44%        2d7       4%          2

Your spell library contained the following spells:

 Spells                   Type           Power      Damage    Failure   Level


Dungeon Overview and Level Annotations

Branches:
Dungeon (5/15)
 Temple: D:4-7

Altars:


Innate Abilities, Weirdness & Mutations

You have very sharp teeth.
Your uncanny sense of smell can sniff out nearby items.
Your experience applies equally to all skills.


Message History

An orc priest comes into view. It is wielding a +0 short sword.
You shoot a stone. The stone closely misses the orc.
You shoot a stone. The stone hits the orc.
The stone freezes the orc.
You kill the orc!
An orc wizard comes into view. It is wielding a +0 dagger.
The orc wizard shouts!
Found 4 gold pieces.
You shoot a stone.
The stone closely misses the orc wizard.
The orc wizard casts a spell.
The orc wizard flickers and vanishes!
Deactivating autopickup; reactivate with Ctrl-A.
A puff of flame appears from out of thin air!
The puff of flame hits you but does no damage.
You resist.
Found 7 gold pieces.
Found an escape hatch in the floor.
Your +0 hunting sling of freezing stops glowing.
Your -1 hand axe of flaming bursts into flame!
a - a -1 hand axe of flaming (weapon)
Your -1 hand axe of flaming stops flaming.
You sense an unholy aura.
e - a +5 rapier of draining (weapon)
You barely miss something. Your bite misses something.
Something hits you but does no damage.
You hit something but do no damage. You block something's attack.
You miss something. Something hits you.
You puncture something!
Reactivating autopickup.
You feel a bit more experienced.
Your +0 hunting sling of freezing is covered in frost.
c - a +0 hunting sling of freezing (weapon)
b - 4 potions of curing (gained 1)
Things that are here:
a +0 dagger; a +0 robe; an orc corpse
Found 6 boomerangs.
Found a stone staircase leading down.
Saving game... please wait.
Welcome back, Renzlar the Gnoll Cinder Acolyte.
The flames of Ignis gently warm you.
Press ? for a list of commands and other information.
Are you sure you want to abandon this character and quit the game? (Confirm with "yes".)

###.#####.......≈≈.8#
###.###.........≈≈.##
..#....##.##......≈≈.#..
#..................≈≈.##.#
∆
#......##..##......≈≈.8#∆#
##..........##.....≈≈###
##...####[####.##.≈≈#gg
#... ##.## #.. .≈≈#..
..... #.@.# $....
#........> ....#...>(.
......#..#..$ ..##......##
.. . .....# # . .......
∆........


There were no monsters in sight!

Vanquished Creatures
  Sigmund (D:3)
  Eustachio (D:4)
  An orc warrior (D:2)
  An ogre (D:3)
  2 scorpions (D:4)
  A water moccasin skeleton (D:5)
  2 howler monkeys
  Crazy Yiuf (D:2)
  A hound (D:5)
  Terence (D:3)
  An iguana (D:4)
  2 orc wizards
  5 gnolls
  7 adders
  3 worms
  2 dart slugs (D:4)
  9 orcs
  6 endoplasms
  4 giant cockroaches
  9 goblins
  7 hobgoblins
  11 kobolds
  3 quokkas
  11 ball pythons
  13 bats
  2 frilled lizards
  8 rats
115 creatures vanquished.

Vanquished Creatures (others)
  3 fungi (D:2)
3 creatures vanquished.

Grand Total: 118 creatures vanquished

Notes
Turn   | Place    | Note
-------+----------+-------------------------------------------
     0 | D:1      | Renzlar the Gnoll Cinder Acolyte began the quest for the
                  | Orb.
     0 | D:1      | Reached XP level 1. HP: 23/23 MP: 4/4
   152 | D:1      | Reached XP level 2. HP: 22/29 MP: 5/5
   155 | D:1      | Learned a level 2 spell: Scorch
   643 | D:1      | Reached XP level 3. HP: 35/35 MP: 7/7
  1176 | D:2      | Reached skill level 1 in Short Blades
  1176 | D:2      | Reached skill level 1 in Long Blades
  1176 | D:2      | Reached skill level 1 in Maces & Flails
  1176 | D:2      | Reached skill level 1 in Polearms
  1176 | D:2      | Reached skill level 1 in Staves
  1176 | D:2      | Reached skill level 1 in Slings
  1176 | D:2      | Reached skill level 1 in Bows
  1176 | D:2      | Reached skill level 1 in Crossbows
  1176 | D:2      | Reached skill level 1 in Throwing
  1176 | D:2      | Reached skill level 1 in Armour
  1176 | D:2      | Reached skill level 1 in Dodging
  1176 | D:2      | Reached skill level 1 in Stealth
  1176 | D:2      | Reached skill level 1 in Shields
  1176 | D:2      | Reached skill level 1 in Unarmed Combat
  1176 | D:2      | Reached skill level 1 in Invocations
  1176 | D:2      | Reached skill level 1 in Evocations
  1176 | D:2      | Reached XP level 4. HP: 26/41 MP: 8/8
  1444 | D:2      | Reached skill level 1 in Conjurations
  1444 | D:2      | Reached skill level 1 in Hexes
  1444 | D:2      | Reached skill level 1 in Summonings
  1444 | D:2      | Reached skill level 1 in Necromancy
  1444 | D:2      | Reached skill level 1 in Translocations
  1444 | D:2      | Reached skill level 1 in Transmutations
  1444 | D:2      | Reached skill level 1 in Ice Magic
  1444 | D:2      | Reached skill level 1 in Air Magic
  1444 | D:2      | Reached skill level 1 in Earth Magic
  1444 | D:2      | Reached skill level 1 in Poison Magic
  1805 | D:2      | Reached XP level 5. HP: 44/47 MP: 4/9
  2423 | D:2      | Found a faded altar of an unknown god.
  2870 | D:2      | Found a runed translucent door.
  2871 | D:2      | Noticed Crazy Yiuf
  2877 | D:2      | Killed Crazy Yiuf
  3035 | D:3      | Noticed an orc warrior
  3042 | D:2      | Reached XP level 6. HP: 49/53 MP: 7/10
  3247 | D:2      | Killed an orc warrior
  3628 | D:3      | Reached XP level 7. HP: 40/59 MP: 1/12
  4064 | D:3      | Noticed Terence
  4073 | D:3      | Killed Terence
  4075 | D:3      | Noticed Sigmund
  4101 | D:3      | Killed Sigmund
  4789 | D:4      | Noticed Eustachio
  4842 | D:4      | Killed Eustachio
  4843 | D:4      | Reached XP level 8. HP: 13/67 MP: 6/14
  5906 | D:5      | Entered Level 5 of the Dungeon
  6030 | D:5      | Quit the game

Illustrated notes

Levels and vault maps discovered:
D:1:      kilobyte_arrival_exit_the_forest, layout_basic
D:2:      layout_basic, hellmonk_ecumenical_altar_leap_of_faith,
          minmay_fractal_squares_gapless_5, uniq_crazy_yiuf_cottage
D:3:      minmay_razor_zed, layout_loops_ring, uniq_sigmund, uniq_terence
D:4:      layout_loops_ring, uniq_eustachio
D:5:      layout_cave_pools, mainiacjoe_overflow_catwalk_spiral,
          gammafunk_ghost_gnarly_gnolls, serial_undead, serial_undead_e,
          serial_undead_a, serial_undead_a, serial_undead_c, bh_walls_and_bars

Skill      XL: |  1  2  3  4  5  6  7  8 |
---------------+-------------------------+-----
Short Blades   | 1 2 3 |  3.1
Long Blades    | 1 2 3 |  3.1
Maces & Flails | 1 2 3 |  3.1
Polearms       | 1 2 3 |  3.1
Staves         | 1 2 3 |  3.1
Slings         | 1 2 3 |  3.1
Bows           | 1 2 3 |  3.1
Crossbows      | 1 2 3 |  3.1
Throwing       | 1 2 3 |  3.1
Armour         | 1 2 3 |  3.1
Dodging        | 1 2 3 |  3.1
Stealth        | 1 2 3 |  3.1
Shields        | 1 2 3 |  3.1
Unarmed Combat | 1 2 3 |  3.1
Spellcasting   | 3 4 |  4.3
Invocations    | 1 2 3 |  3.5
Evocations     | 1 2 3 |  3.1
Conjurations   | 1 2 |  2.5
Hexes          | 1 2 |  2.5
Summonings     | 1 2 |  2.5
Necromancy     | 1 2 |  2.5
Translocations | 1 2 |  2.5
Transmutations | 1 2 |  2.5
Ice Magic      | 1 2 |  2.5
Air Magic      | 1 2 |  2.5
Earth Magic    | 1 2 |  2.5
Poison Magic   | 1 2 |  2.5
Fighting       | 7 |  7.3
Axes           | 7 |  7.3
Fire Magic     | 6 |  6.1

Action                   |  1- 3 |  4- 6 |  7- 9 || total
-------------------------+-------+-------+-------++-------
Melee: Hand axe          |    52 |    80 |   106 ||   238
       Punch             |       |     2 |     4 ||     6
       Bite              |       |     5 |    14 ||    19
       Rapier            |       |       |    18 ||    18
 Fire: Hunting sling     |    34 |    76 |    71 ||   181
Throw: Dart              |       |       |     5 ||     5
 Cast: Scorch            |     6 |    30 |     8 ||    44
Invok: Fiery Armour      |       |     2 |     2 ||     4
  Use: Scroll            |     1 |     5 |     7 ||    13
       Potion            |       |       |     1 ||     1
Armor: Robe              |    10 |     2 |       ||    12
       Ring mail         |       |    24 |    45 ||    69
Dodge: Dodged            |    25 |    50 |    47 ||   122
Block: Other             |       |       |    27 ||    27
